 Dungeon Crawl Stone Soup version 0.23-a0-49-gd9f7a49 (webtiles) character file.

34 Mgcat the Skirmisher (level 3, -1/45 HPs)
             Began as a Demonspawn Berserker on Aug 7, 2018.
             Was a Follower of Trog.
             Slain by an iguana (5 damage)
             ... on level 2 of the Dungeon.
             The game lasted 00:02:50 (1770 turns).

Mgcat the Skirmisher (Demonspawn Berserker)         Turns: 1770, Time: 00:02:50

Health: -1/45      AC:  7    Str: 23    XL:     3   Next: 14%
Magic:  3/3        EV:  7    Int:  8    God:    Trog [*.....]
Gold:   54         SH: 12    Dex: 12    Spells: 2/2 levels left

rFire    . . .     SeeInvis .   m - +4 dagger
rCold    . . .     Gourm    .   l - +0 large shield
rNeg     . . .     Faith    .   b - +0 animal skin
rPois    .         Spirit   .   (no helmet)
rElec    .         Reflect  .   (no cloak)
rCorr    .         Harm     .   h - +0 pair of gloves
MR       .....                  (no boots)
Stlth    ..........             (no amulet)
HPRegen  0.15/turn              (no ring)
MPRegen  0.08/turn              (no ring)

@: berserking, very quick
A: iridescent scales 2
a: Berserk, Renounce Religion


You were on level 2 of the Dungeon.
You worshipped Trog.
Trog was aware of your devotion.
You were very hungry.

You visited 1 branch of the dungeon, and saw 2 of its levels.

You collected 54 gold pieces.

Inventory:

Hand Weapons
 a - a +0 hand axe
 m - a +4 dagger (weapon)
   (You took it off a goblin on level 2 of the Dungeon)
Armour
 b - a +0 animal skin (worn)
 h - a +0 pair of gloves (worn)
   (You found it on level 1 of the Dungeon)
 l - a +0 large shield (worn)
   (You found it on level 1 of the Dungeon)
Scrolls
 d - a scroll of enchant armour {unknown}
 e - a scroll of noise {unknown}
 f - 2 scrolls of identify {unknown}
 g - a scroll of enchant weapon {unknown}
 i - 2 scrolls of fear {unknown}
 n - a scroll of amnesia {unknown}
 p - a scroll of teleportation {unknown}
Potions
 j - a potion of curing {unknown}
 k - 3 potions of heal wounds {unknown}
 o - a potion of brilliance {unknown}
 r - a potion of degeneration {unknown}
Comestibles
 c - 4 rations


   Skills:
 + Level 3.7 Fighting
 + Level 3.3 Axes
 - Level 1.7 Armour
 - Level 1.7 Dodging


You had 2 spell levels left.
You didn't know any spells.
Your spell library was empty.

Dungeon Overview and Level Annotations

Branches:
Dungeon (2/15)

Altars:
Elyvilon


Innate Abilities, Weirdness & Mutations

You are mostly covered in iridescent scales. (AC +4)


Message History

You are too injured to fight recklessly!
You are too injured to fight recklessly!
You are too injured to fight recklessly!
You are too injured to fight recklessly!
You are too injured to fight recklessly!
Your shield prevents you from hitting the worm.
The worm is severely wounded.
The leopard gecko bites you. You block the worm's attack.
You hit the worm.
The worm is severely wounded.
You block the leopard gecko's attack. The worm bites you.
The leopard gecko bites you.
* * * LOW HITPOINT WARNING * * *
You hit the worm.
The worm is severely wounded.
You block the leopard gecko's attack. The worm barely misses you.
A red film seems to cover your vision as you go berserk!
You feel yourself moving faster!
You feel mighty!
You feel quite a bit more hungry. The leopard gecko barely misses you.
You puncture the worm!
You kill the worm!
Trog accepts your kill.
You have reached level 3!
Your experience leads to an increase in your attributes!
Your base attributes are Str 17, Int 8, Dex 12.
Increase (S)trength, (I)ntelligence, or (D)exterity?
You feel stronger.
Your demonic ancestry asserts itself...
Iridescent scales spread over more of your body.
You block the leopard gecko's attack.
You puncture the leopard gecko!
You kill the leopard gecko!
Trog accepts your kill.
You see here a leopard gecko corpse.
You butcher the leopard gecko corpse.
You feel a strong urge to attack something.
q - 2 chunks of flesh {@w0} You see here a leopard gecko skeleton.
You feel your anger nearly subside.
You are no longer berserk.
You pass out from exhaustion.
You feel yourself slow down.
You can move again.
Unknown command.
Unknown command.
r - a bubbling grey potion You start resting.
Eating one of 2 chunks of flesh {@w0}.
You eat one of the 2 chunks of flesh {@w0}.
This raw flesh tastes terrible.
You feel yourself speed up.
You start resting.
You recover from your berserk rage.
You start resting.
HP restored.
You start resting.
All of the chunks of flesh in your inventory have rotted away.
HP restored.
An iguana comes into view.
Found a stone staircase leading down.
The iguana hisses angrily.
You hit the iguana but do no damage. You block the iguana's attack.
You hit the iguana but do no damage.
The iguana bites you but does no damage.
You closely miss the iguana. The iguana barely misses you. x2
You hit the iguana.
The iguana is moderately wounded.
You block the iguana's attack.
You hit the iguana.
The iguana is moderately wounded.
You block the iguana's attack.
You hit the iguana.
The iguana is heavily wounded.
You block the iguana's attack.
You hit the iguana but do no damage.
The iguana is heavily wounded.
The iguana bites you. You block the iguana's attack.
You barely miss the iguana.
The iguana is heavily wounded.
The iguana closely misses you.
You hit the iguana but do no damage.
The iguana is heavily wounded.
The iguana bites you.
You hit the iguana but do no damage.
The iguana is heavily wounded.
The iguana bites you but does no damage.
You hit the iguana but do no damage.
The iguana is heavily wounded.
The iguana closely misses you.
You hit the iguana.
The iguana is severely wounded.
The iguana bites you! x2
* * * LOW HITPOINT WARNING * * *
You are too injured to fight recklessly!
You are too injured to fight recklessly!
You are too injured to fight recklessly!
You are too injured to fight recklessly!
A red film seems to cover your vision as you go berserk!
You feel yourself moving faster!
You feel mighty!
You are feeling very hungry.
The iguana bites you.
You die...

#..##.....♣ #.##.##
#.#....... ##.#...##
#....≈≈≈..
##.......#####...≈≈≈≈≈.
#. ..............≈≈♣≈≈.
#.. .....######..≈≈≈≈≈.
..> .....# #...≈≈≈..
#.##l##.# ##.......
#...@##.# ##.....♣
###..##.# #..##♣♣
#####..##.#######..###
......................#
.#####..##.#######..###
#..............#
#.###.#######.##
#.#...# #.# #.#.### #.#


You could see an iguana.

Vanquished Creatures
  2 worms (D:2)
  2 leopard geckos
  A ball python (D:1)
  A bat (D:1)
  2 giant cockroaches
  2 goblins (D:2)
  3 hobgoblins
  3 jackals (D:2)
  A quokka (D:2)
  3 frilled lizards (D:2)
  2 kobolds (D:1)
  A rat (D:1)
23 creatures vanquished.

Notes
Turn   | Place    | Note
-------+----------+-------------------------------------------
     0 | D:1      | Mgcat the Demonspawn Berserker began the quest for the Orb.
     0 | D:1      | Reached XP level 1. HP: 18/18 MP: 1/1
   333 | D:1      | Reached skill level 3 in Axes
   466 | D:1      | Gained mutation: You are partially covered in iridescent scales. (AC +2) [demonic ancestry]
   466 | D:1      | Reached XP level 2. HP: 18/24 MP: 2/2
  1110 | D:2      | HP: 4/24 [worm (8)]
  1477 | D:2      | Found a white marble altar of Elyvilon.
  1489 | D:2      | HP: 6/24 [leopard gecko (3)]
  1492 | D:2      | Gained mutation: You are mostly covered in iridescent scales. (AC +4) [demonic ancestry]
  1492 | D:2      | Reached XP level 3. HP: 11/30 MP: 3/3
  1769 | D:2      | HP: 3/30 [iguana (14)]
  1770 | D:2      | Slain by an iguana

Vault maps used:
D:1:      dpeg_arrival_rooms_b
D:2:      nicolae_overflow_hidden_temple, elyvilon_altar_3,
          chequers_ecumenical_altar_twisty, uniq_crazy_yiuf_cottage

Skill      XL: |  1 |
---------------+----+-----
Axes           | 3 |  3.3
Fighting       | |  3.7
Armour         | |  1.7
Dodging        | |  1.7

Action                   || total
-------------------------++-------
Melee: Hand axe          ||   100
       Dagger            ||    24
Invok: Berserk           ||     4
  Eat: Chunk             ||     5
Armor: Animal skin       ||    30
Dodge: Dodged            ||    47
Block: Large shield      ||    43

Table legend:
 A = Spawn XP
 B = Non-spawn XP
 C = Spawn XP percentage of total XP
 D = Spawn monster count
 E = Non-spawn monster count
 F = Spawn count percentage of total count
 G = Total turns spent on level
                    A         B        C        D         E        F      G
               +---------+---------+-------+---------+---------+-------+---------
         Total |       0 |      49 |   0.0 |       0 |      23 |   0.0 |  1770
               +---------+---------+-------+---------+---------+-------+---------
           D:1 |       0 |      16 |   0.0 |       0 |       9 |   0.0 |   953
           D:2 |       0 |      33 |   0.0 |       0 |      14 |   0.0 |   817
               +---------+---------+-------+---------+---------+-------+---------

Vault maps used:
D:1:      dpeg_arrival_rooms_b
D:2:      nicolae_overflow_hidden_temple, elyvilon_altar_3,
          chequers_ecumenical_altar_twisty, uniq_crazy_yiuf_cottage

Table legend:
 A = Turns spent in this place as a percentage of turns spent in the entire game.
 B = Non-inter-level travel turns spent in this place as a percentage of non-inter-level travel turns spent in the entire game.
 C = Inter-level travel turns spent in this place as a percentage of turns spent in this place.
 D = Turns resting spent in this place as a percentage of non-inter-level travel turns spent in this place.
 E = Turns spent auto-exploring this place as a percentage of non-inter-level travel turns spent in this place.
 F = Non-inter-level travel turns spent in this place divided by the number of levels of this place that you've seen.
                   A       B       C       D       E      F
               +-------+-------+-------+-------+-------+----------------------
         Total | 100.0 | 100.0 |   1.9 |  27.8 |  58.6 | 868.5
       Dungeon | 100.0 | 100.0 |   1.9 |  27.8 |  58.6 | 868.5
               +-------+-------+-------+-------+-------+----------------------

Table legend:
 A = Kills in this place as a percentage of kills in entire the game.
 B = Kills by you in this place as a percentage of kills by you in the entire game.
 C = Kills by friends in this place as a percentage of kills by friends in the entire game.
 D = Other kills in this place as a percentage of other kills in the entire game.
 E = Experience gained in this place as a percentage of experience gained in the entire game.
 F = Experience gained in this place divided by the number of levels of this place that you have seen.
                   A       B       C       D       E      F
               +-------+-------+-------+-------+-------+----------------------
         Total | 100.0 | 100.0 |   N/A |   N/A | 100.0 |  24.5
       Dungeon | 100.0 | 100.0 |   N/A |   N/A | 100.0 |  24.5
               +-------+-------+-------+-------+-------+----------------------
